 Dungeon Crawl Stone Soup version 0.27-a0-328-g7f782ed93a (webtiles) character file.

Game seed: 15016129710352875823

4270 KristoblXynda the Destroyer (level 10, -3/120 HPs)
             Began as a Yellow Draconian Conjurer on Feb 11, 2021.
             Was a Priest of Vehumet.
             Slain by a death yak (21 damage)
             ... on level 8 of the Dungeon.
             The game lasted 00:20:04 (9563 turns).

KristoblXynda the Destroyer (DrCj)                  Turns: 9563, Time: 00:20:04

Health: -3/120     AC: 12    Str: 10    XL:     10   Next: 10%
Magic:  19/20      EV: 14    Int: 22    God:    Vehumet [***...]
Gold:   392        SH:  0    Dex:  9    Spells: 11/23 levels left

rFire    . . .     SeeInvis +   d - +6 rapier of Asoytaod {vorpal, SInv}
rCold    . . .     Faith    .   (no shield)
rNeg     . . .     Spirit   .   (armour unavailable)
rPois    .         Reflect  .   (helmet restricted)
rElec    .         Harm     .   m - +0 cloak
rCorr    +         Rampage  .   (no gloves)
Will     .....                  (no boots)
Stlth    ..........             h - amulet of regeneration
HPRegen  0.70/turn              n - +4 ring of protection
MPRegen  0.17/turn              (no ring)

@: berserking, short of breath, very quick
A: spit acid, unfitting armour, cold-blooded, acid resistance, AC +7
a: Breathe Acid, Renounce Religion


You were on level 8 of the Dungeon.
You worshipped Vehumet.
Vehumet was most pleased with you.
You visited 2 branches of the dungeon, and saw 9 of its levels.
You also visited: Ossuary.

You collected 608 gold pieces.
You spent 216 gold pieces at shops.

Inventory:

Hand Weapons
 d - the +6 rapier of Asoytaod (weapon) {vorpal, SInv}
   (You bought it in a shop on level 6 of the Dungeon)

   It inflicts extra damage upon your enemies.
   It lets you see invisible.
 x - a +4 quarterstaff of chaos
Armour
 m - a +0 cloak (worn)
Jewellery
 h - an amulet of regeneration (around neck)
 n - a +4 ring of protection (left hand)
Wands
 s - a wand of mindburst (13)
Scrolls
 b - 2 scrolls of blinking
 c - 2 scrolls of fog
 f - 6 scrolls of teleportation
 j - a scroll of enchant armour {unknown}
 k - 2 scrolls of enchant weapon
 o - 2 scrolls of magic mapping
 t - 2 scrolls of fear
 u - 3 scrolls of immolation
Potions
 e - a potion of berserk rage
 g - 2 potions of attraction
 i - a potion of magic
 l - 2 potions of flight
 p - 2 potions of curing
 q - a potion of brilliance
 r - 2 potions of heal wounds {unknown}
 w - a potion of might


   Skills:
 + Level 4.4 Fighting
 + Level 7.5 Dodging
 - Level 1.7 Stealth
 - Level 7.0 Spellcasting
 + Level 9.0 Conjurations
 + Level 3.6 Air Magic


You had 11 spell levels left.
You knew the following spells:

 Your Spells              Type           Power        Failure   Level
a - Magic Dart            Conj           100%         1%          1
c - Summon Lightning Spi  Summ/Air       15%          36%         4
d - Mephitic Cloud        Conj/Pois/Air  26%          1%          3
e - Iskenderun's Mystic   Conj/Tloc      27%          3%          4

Your spell library contained the following spells:

 Spells                   Type           Power        Failure   Level
 Shock                    Conj/Air       100%         1%          1
 Searing Ray              Conj           94%          1%          2
 Dazzling Flash           Conj/Hex       54%          1%          3
 Static Discharge         Conj/Air       35%          1%          3
 Swiftness                Air            23%          2%          2
 Fulminant Prism          Conj/Hex       13%          3%          4
 Lightning Bolt           Conj/Air       17%          4%          5
 Airstrike                Air            11%          5%          4
 Summon Small Mammal      Summ           28%          9%          1
 Call Imp                 Summ           7%           12%         2
 Call Canine Familiar     Summ           7%           24%         3
 Summon Guardian Golem    Hex/Summ       7%           24%         3
 Summon Ice Beast         Ice/Summ       7%           63%         4


Dungeon Overview and Level Annotations

Branches:
Dungeon (8/15)             Temple (1/1) D:7         Ossuary (visited)
   Lair: D:8-11

Altars:
Ashenzari
Cheibriados
Dithmenos
Elyvilon
Fedhas
Gozag
Hepliaklqana
Kikubaaqudgha
Makhleb
Nemelex Xobeh
Okawaru
Qazlal
Ru
Sif Muna
Trog
Uskayaw
Vehumet
Wu Jian
Xom
Yredelemnul
Zin
The Shining One

Shops:
D:6 (

Annotations:
D:8 Harold


Innate Abilities, Weirdness & Mutations

You can spit globs of acid.
Your golden yellow scales are hard. (AC +7)
You cannot fit into any form of body armour.
You are cold-blooded and may be slowed by cold attacks.
You are resistant to acid. (rCorr)


Message History

You hit the worker ant.
You kill the worker ant!
Vehumet accepts your kill.
You see here a yak skeleton.
You hit the death yak but do no damage. The death yak gores you!!
You hit the death yak but do no damage. The death yak closely misses you.
The death yak gores you but does no damage.
Press: ? - help, Shift-Dir - straight line, f - death yak
Aim: a death yak You spit a glob of acid.
The glob of acid hits the death yak!
The death yak is splashed with acid.
The acid corrodes the death yak!
The death yak is moderately wounded.
The death yak gores you but does no damage.
Unknown command.
You hit the death yak.
The death yak is moderately wounded.
The death yak closely misses you.
You hit the death yak.
The death yak is moderately wounded.
The death yak barely misses you.
You hit the death yak.
The death yak is heavily wounded.
The death yak gores you!!
You puncture the death yak! You tail-slap the death yak.
The death yak is heavily wounded.
The death yak gores you!
* * * LOW HITPOINT WARNING * * *
The death yak gores you!
* * * LOW HITPOINT WARNING * * *
The death yak is no longer covered in acid.
A red film seems to cover your vision as you go berserk!
You feel yourself moving faster!
You feel mighty!
You puncture the death yak! You tail-slap the death yak!
The death yak is severely wounded.
The death yak gores you!
* * * LOW HITPOINT WARNING * * *
You puncture the death yak!
The death yak is almost dead.
The death yak gores you!!
You die...

'.######## #...(..#
#..##
#(.......#####......#
##..#
#..######.##........#
#..## #.##
#..)#####...######..##
#.## #####
###.....###..##
#..########
##..###.##...##
#.........## ##..##
##......#
##.........######..##
#......#
########.....hY@..#
#......#
###....########
#<.....# #.....##
########....##
....(....Y.#
#...........#
............#
#......(....#
###..######.#
##....###....### ....#
#..####...### ####..#.
.... #.........# #...#
... #..######..##
##.###


You could see a death yak and a black bear.

Vanquished Creatures
  A two-headed ogre (D:8)
  A yak (D:8)
  3 ice beasts
  3 sky beasts
  An orc warrior (D:7)
  5 ogres
  3 centaurs
  A phantom (D:7)
  5 bullfrogs
  2 scorpions
  6 killer bees (D:7)
  3 wights (D:6)
  2 howler monkeys
  6 crimson imps (D:8)
  2 human zombies
  A bullfrog zombie (D:5)
  3 orc priests
  3 hounds
  Crazy Yiuf (D:5)
  A centaur skeleton (D:8)
  An iguana (D:7)
  Terence (D:3)
  Natasha (thrice) (D:3)
  5 orc wizards
  6 worker ants
  2 mummies (Ossuary)
  8 adders
  2 shadow imps
  5 white imps
  2 adder skeletons
  A worm (D:3)
  5 dart slugs
  3 leopard geckos
  23 orcs
  2 giant cockroaches
  4 gnoll zombies
  7 goblins
  7 hobgoblins
  3 jackals (D:2)
  2 quokkas
  2 ball pythons
  7 bats
  6 frilled lizards
  5 goblin zombies (Ossuary)
  3 hobgoblin zombies (Ossuary)
  6 kobolds
  A leopard gecko skeleton (D:7)
  2 orc zombies (Ossuary)
  10 rats
187 creatures vanquished.

Notes
Turn   | Place    | Note
-------+----------+-------------------------------------------
     0 | D:1      | KristoblXynda the Draconian Conjurer began the quest for
                  | the Orb.
     0 | D:1      | Reached XP level 1. HP: 14/14 MP: 3/3
   426 | D:1      | Reached XP level 2. HP: 5/20 MP: 0/5
  1142 | D:2      | Reached XP level 3. HP: 22/26 MP: 1/6
  1187 | D:2      | Found a sparkling altar of Nemelex Xobeh.
  2141 | D:3      | Found a faded altar of an unknown god.
  2340 | D:3      | Reached XP level 4. HP: 26/33 MP: 8/8
  2679 | D:3      | Noticed an orc warrior
  2746 | D:3      | Learned a level 3 spell: Dazzling Flash
  2749 | D:3      | Noticed Natasha
  2762 | D:3      | Killed Natasha
  2782 | D:3      | Reached skill level 1 in Fighting
  2832 | D:3      | Found a radiant altar of Vehumet.
  2838 | D:3      | Became a worshipper of Vehumet
  2856 | D:3      | Noticed Terence
  2866 | D:3      | Killed Terence
  2867 | D:3      | Reached XP level 5. HP: 40/40 MP: 1/9
  3051 | D:3      | Noticed Natasha
  3055 | D:3      | Killed Natasha
  3056 | D:3      | Reached skill level 5 in Conjurations
  3263 | D:3      | Noticed Natasha
  3269 | D:3      | Killed Natasha
  4037 | D:4      | Reached XP level 6. HP: 48/48 MP: 8/11
  4686 | D:5      | Entered Level 5 of the Dungeon
  4736 | D:5      | Reached * piety under Vehumet
  4736 | D:5      | Offered knowledge of Freeze by Vehumet.
  4766 | D:5      | Found a sand-covered staircase.
  4784 | D:5      | Your scales start taking on a golden yellow colour.
  4784 | D:5      | Reached XP level 7. HP: 33/57 MP: 11/13
  4784 | D:5      | Gained mutation: You are resistant to acid. (rCorr) [Yellow
                  | Draconian growth]
  4814 | Ossuary  | Entered an ossuary
  5463 | D:5      | Reached skill level 6 in Conjurations
  5887 | D:5      | Found an ornate altar of the Wu Jian Council.
  6016 | D:5      | Reached skill level 5 in Spellcasting
  6016 | D:5      | Reached XP level 8. HP: 36/63 MP: 15/15
  6187 | D:5      | Found a runed translucent door.
  6188 | D:5      | Noticed Crazy Yiuf
  6195 | D:5      | Killed Crazy Yiuf
  6196 | D:5      | Reached skill level 5 in Dodging
  6718 | D:6      | Offered knowledge of Shock by Vehumet.
  6727 | D:6      | Reached ** piety under Vehumet
  6751 | D:5      | Reached skill level 7 in Conjurations
  6976 | D:6      | Found Nutu's Antique Weapon Emporium.
  6982 | D:6      | Bought a bloodstained rapier for 216 gold pieces
  6982 | D:6      | Identified the +6 rapier of Asoytaod {vorpal, SInv} (You
                  | bought it in a shop on level 6 of the Dungeon)
  7093 | D:6      | Reached XP level 9. HP: 57/70 MP: 18/18
  7520 | D:7      | Reached skill level 8 in Conjurations
  7651 | D:7      | Learned a level 4 spell: Summon Lightning Spire
  7758 | D:7      | Found a staircase to the Ecumenical Temple.
  7798 | D:7      | Offered knowledge of Mephitic Cloud by Vehumet.
  7888 | D:7      | Learned a level 3 spell: Mephitic Cloud
  7893 | D:7      | Learned a level 4 spell: Iskenderun's Mystic Blast
  7926 | D:7      | Reached skill level 1 in Air Magic
  8160 | D:7      | Found a white marble altar of Elyvilon.
  8353 | D:7      | Found a stormy altar of Qazlal.
  8819 | Temple   | Entered the Ecumenical Temple
  9004 | D:8      | Noticed a death yak
  9004 | D:8      | Noticed a death yak
  9004 | D:8      | Noticed Harold
  9221 | D:8      | Noticed a death yak
  9287 | D:8      | Noticed a two-headed ogre
  9303 | D:8      | Killed a two-headed ogre
  9304 | D:8      | Reached skill level 9 in Conjurations
  9304 | D:8      | Reached XP level 10. HP: 6/79 MP: 20/20
  9464 | D:8      | Reached *** piety under Vehumet
  9537 | D:8      | Noticed a death yak
  9563 | D:8      | Slain by a death yak

Illustrated notes

Levels and vault maps discovered:
D:1:      nicolae_arrival_somewhat_less_tricky_arrival, layout_basic,
          hangedman_feature_mirror
D:2:      layout_loops_ring, amcnicky_mini_corridor_feature,
          nemelex_diamond_rough_becter
D:3:      layout_loops_ring, vehumet_crystals, chequers_ecumenical_altar_grove,
          uniq_terence, uniq_natasha
D:4:      layout_basic, grunt_decor_cap, st_stairs_3
D:5:      layout_gridville, kennysheep_mini_moat, enter_ossuary_3,
          nicolae_underground_beach, uniq_crazy_yiuf_cottage
D:6:      layout_cave_pools, serial_shops, shop_statue
D:7:      layout_basic, marbit_many_paths, lemuel_crystal_altar,
          minmay_temple_entry_statues
D:8:      layout_layer_cave, dpeg_lair_monsters, minmay_nine_imps, uniq_harold,
          uniq_joseph, uniq_pikel
Temple:   regret_index_temple_mists

Skill      XL: |  1  2  3  4  5  6  7  8  9 |
---------------+----------------------------+-----
Dodging        | 2 3 4 6 7 |  7.5
Spellcasting   | 3 4 5 6 7 |  7.0
Fighting       | 1 2 3 4 |  4.4
Conjurations   | 5 6 7 9 |  9.0
Air Magic      | 3 |  3.6
Stealth        | |  1.7

Action                   |  1- 3 |  4- 6 |  7- 9 | 10-12 || total
-------------------------+-------+-------+-------+-------++-------
Melee: Unarmed           |    36 |       |       |       ||    36
       Tailslap          |     9 |    14 |    32 |     8 ||    63
       Dagger            |    29 |    13 |       |       ||    42
       Short sword       |       |   120 |   213 |       ||   333
       Long sword        |       |       |    24 |       ||    24
       Rapier            |       |       |   183 |    56 ||   239
 Cast: Magic Dart        |    78 |    58 |    50 |     6 ||   192
       Dazzling Flash    |       |     2 |       |       ||     2
 Abil: Breathe Acid      |       |       |    17 |     1 ||    18
Evoke: Wand              |       |       |     2 |       ||     2
  Use: Scroll            |     2 |     6 |     9 |       ||    17
       Potion            |       |     2 |     1 |     1 ||     4
 Stab: Sleeping          |       |     3 |     1 |       ||     4
       Invisible         |       |     2 |       |       ||     2
Armor: Skin              |    32 |    58 |   187 |    47 ||   324
Dodge: Dodged            |    76 |    92 |   376 |    82 ||   626
       Rpst.: Long sword |       |       |     6 |       ||     6

Table legend: (Time is in decaauts)
 A = Elapsed time spent in this place.
 B = Non-inter-level travel time spent in this place.
 C = Inter-level travel time spent in this place.
 D = Time resting spent in this place.
 E = Time spent auto-exploring this place.
 F = Levels seen in this place.
 G = Mean time per level.
                   A        B        C        D        E       F      G
               +--------+--------+--------+--------+--------+-----+--------+
         Total |   9708 |   9379 |    329 |   2539 |   4894 |  10 |  970.8 |
       Dungeon |   9096 |   8789 |    307 |   2343 |   4681 |   8 | 1137.0 |
        Temple |    203 |    181 |     22 |      0 |    179 |   1 |  203.0 |
       Ossuary |    407 |    407 |      0 |    196 |     33 |   1 |  407.0 |
               +--------+--------+--------+--------+--------+-----+--------+

Top non-repeatable levels by time:
     D:3: 1565 daAuts
     D:7: 1473 daAuts
     D:5: 1443 daAuts
     D:2: 1137 daAuts
     D:1: 1072 daAuts
     D:6: 1011 daAuts
     D:4: 917 daAuts
     D:8: 475 daAuts
 Ossuary: 407 daAuts
  Temple: 203 daAuts
